 Dungeon Crawl Stone Soup version 0.25-a0-80-g9b55229ae5 (webtiles) character file.

Game seed: 4109647800964282936, levelgen mode: deterministic

290 MrRokkomies the Vexing (level 6, -2/47 HPs)
             Began as a Gnoll Wanderer on Nov 7, 2019.
             Was an Initiate of Cheibriados.
             Slain by a bullfrog (5 damage)
             ... on level 4 of the Dungeon.
             The game lasted 00:08:13 (3092 turns).

MrRokkomies the Vexing (Gnoll Wanderer)             Turns: 3092, Time: 00:08:14

Health: -2/47      AC:  8    Str: 16    XL:     6   Next: 32%
Magic:  8/8        EV:  7    Int: 16    God:    Cheibriados [......]
Gold:   122        SH:  0    Dex: 16    Spells: 8/8 levels left

rFire    . . .     SeeInvis .   b - +1 short sword
rCold    . . .     Gourm    .   (no shield)
rNeg     . . .     Faith    .   a - +0 chain mail
rPois    .         Spirit   .   (no helmet)
rElec    .         Reflect  .   (no cloak)
rCorr    .         Harm     .   (no gloves)
MR       .....                  (no boots)
Stlth    ..........             (no amulet)
HPRegen  0.15/turn              (no ring)
MPRegen  0.11/turn              (no ring)

@: very slightly contaminated, invisible, very slow
A: distributed training, fangs 1, strong nose
a: Bend Time, Renounce Religion


You were on level 4 of the Dungeon.
You worshipped Cheibriados.
Cheibriados was noncommittal.
You were hungry.

You visited 2 branches of the dungeon, and saw 5 of its levels.

You collected 122 gold pieces.

Inventory:

Hand Weapons
 b - a +1 short sword (weapon)
Missiles
 g - 6 poisoned darts (quivered)
 j - 34 sling bullets
 m - 100 stones
Armour
 a - a +0 chain mail (worn)
 c - a +0 robe
Wands
 i - a wand of random effects (12)
Scrolls
 e - 4 scrolls of identify
Potions
 h - 3 potions of agility
Miscellaneous
 d - a phial of floods (inert)
Comestibles
 f - 7 rations


   Skills:
 + Level 3.2 Fighting
 + Level 3.2 Short Blades
 + Level 1.8 Long Blades
 + Level 1.8 Axes
 + Level 1.8 Maces & Flails
 + Level 1.8 Polearms
 + Level 1.8 Staves
 + Level 1.8 Slings
 + Level 1.8 Bows
 + Level 1.8 Crossbows
 + Level 3.2 Throwing
 + Level 1.8 Armour
 + Level 1.8 Dodging
 + Level 3.0 Stealth
 + Level 1.8 Shields
 + Level 1.8 Unarmed Combat
 + Level 1.8 Spellcasting
 + Level 1.4 Conjurations
 + Level 5.6 Hexes
 + Level 4.1 Charms
 + Level 1.4 Summonings
 + Level 1.4 Necromancy
 + Level 1.4 Translocations
 + Level 1.4 Transmutations
 + Level 1.4 Fire Magic
 + Level 1.4 Ice Magic
 + Level 1.4 Air Magic
 + Level 1.4 Earth Magic
 + Level 1.4 Poison Magic
 + Level 2.0 Invocations
 + Level 3.2 Evocations


You had 8 spell levels left.
You didn't know any spells.
Your spell library contained the following spells:

 Spells                   Type           Power        Failure   Level  Hunger
 Beastly Appendage        Tmut           #.....       91%         1    #......
 Spider Form              Tmut/Pois      #.........   100%        3    ###....


Dungeon Overview and Level Annotations

Branches:
Dungeon (4/15)             Temple (1/1) D:4

Altars:
Ashenzari
Cheibriados
Elyvilon
Hepliaklqana
Kikubaaqudgha
Okawaru
Qazlal
Ru
Trog
Zin


Innate Abilities, Weirdness & Mutations

Your experience applies equally to all skills.
You have very sharp teeth.
Your uncanny sense of smell can sniff out nearby items.


Message History

Evoke which item? (* to show all) (? for menu, Esc to quit)
Okay, then.
Unknown command.
Unknown command.
Unknown command.
Something hits your water elemental but does no damage.
Your water elemental barely misses the orc.
The bullfrog barely misses you.
The giant cockroach bites your water elemental but does no damage.
Your water elemental hits the giant cockroach!
The giant cockroach dies!
Cheibriados thoroughly appreciates the change of pace.
The orc wizard hits your water elemental with a +0 dagger.
Your water elemental barely misses the orc.
The bullfrog hits you but does no damage.
Something hits your water elemental but does no damage.
The bullfrog hits you but does no damage.
The bullfrog closely misses you. The bullfrog hits you.
You die...

####### ......#
......##################
.....†%.o.E.o..F@.......
....oo###....#####.#####
.....≈# #.##.# # .....W#
#.##.# ......# #.#..#
....o.# #.#.## ..o...#
#... o.....# ###.
......#


You could see a bullfrog, an orc and a friendly water elemental.

Vanquished Creatures
  A hound (D:4)
  Jessica (D:3)
  A bullfrog skeleton (D:4)
  A worker ant (D:4)
  4 gnolls (D:2)
  2 adders
  An adder skeleton (D:4)
  A worm (D:2)
  6 dart slugs
  7 bats
  3 giant cockroaches
  7 goblins
  7 hobgoblins
  4 kobolds
  A quokka (D:3)
  7 frilled lizards
  4 rats
58 creatures vanquished.

Vanquished Creatures (collateral kills)
  A phantom (D:4)
  A giant cockroach (D:4)
2 creatures vanquished.

Grand Total: 60 creatures vanquished

Notes
Turn   | Place    | Note
-------+----------+-------------------------------------------
     0 | D:1      | MrRokkomies the Gnoll Wanderer began the quest for the Orb.
     0 | D:1      | MrRokkomies set off with the following items: a +0 dagger,
                  | a +0 robe, a phial of floods, a ration; and the following
                  | spell memorised: Beastly Appendage; and the following
                  | spells available to memorise: Spider Form
     0 | D:1      | Reached XP level 1. HP: 17/17 MP: 2/2
    70 | D:1      | Found a shattered altar of Ashenzari.
   182 | D:1      | Reached XP level 2. HP: 21/23 MP: 3/3
   557 | D:1      | Reached XP level 3. HP: 25/28 MP: 4/4
  1117 | D:2      | Reached skill level 1 in Invocations
  1293 | D:2      | Reached skill level 1 in Long Blades
  1293 | D:2      | Reached skill level 1 in Axes
  1293 | D:2      | Reached skill level 1 in Maces & Flails
  1293 | D:2      | Reached skill level 1 in Polearms
  1293 | D:2      | Reached skill level 1 in Staves
  1293 | D:2      | Reached skill level 1 in Slings
  1293 | D:2      | Reached skill level 1 in Bows
  1293 | D:2      | Reached skill level 1 in Crossbows
  1293 | D:2      | Reached skill level 1 in Armour
  1293 | D:2      | Reached skill level 1 in Dodging
  1293 | D:2      | Reached skill level 1 in Shields
  1293 | D:2      | Reached skill level 1 in Unarmed Combat
  1293 | D:2      | Reached skill level 1 in Spellcasting
  1293 | D:2      | Reached XP level 4. HP: 33/34 MP: 4/6
  1653 | D:2      | Reached skill level 1 in Conjurations
  1653 | D:2      | Reached skill level 1 in Summonings
  1653 | D:2      | Reached skill level 1 in Necromancy
  1653 | D:2      | Reached skill level 1 in Translocations
  1653 | D:2      | Reached skill level 1 in Transmutations
  1653 | D:2      | Reached skill level 1 in Fire Magic
  1653 | D:2      | Reached skill level 1 in Ice Magic
  1653 | D:2      | Reached skill level 1 in Air Magic
  1653 | D:2      | Reached skill level 1 in Earth Magic
  1653 | D:2      | Reached skill level 1 in Poison Magic
  1948 | D:3      | Noticed Jessica
  1962 | D:3      | Killed Jessica
  1962 | D:3      | Reached XP level 5. HP: 25/40 MP: 7/7
  2441 | D:3      | Found a sacrificial altar of Ru.
  2572 | D:4      | Found a staircase to the Ecumenical Temple.
  2582 | Temple   | Entered the Ecumenical Temple
  2708 | Temple   | Became a worshipper of Cheibriados the Contemplative
  3042 | D:4      | Noticed a phantom
  3076 | D:4      | Reached XP level 6. HP: 6/47 MP: 8/8
  3083 | D:4      | Killed a phantom
  3086 | D:4      | HP: 2/47 [bullfrog (1)]
  3092 | D:4      | Slain by a bullfrog

Levels and vault maps discovered:
D:1:      dpeg_arrival_rooms_c, layout_loops_corners, minmay_misc_feat_roman,
          ashenzari_altar_1
D:2:      layout_basic
D:3:      layout_basic, solitary_fountain, hangedman_ru_absence, uniq_jessica
D:4:      layout_basic, minmay_temple_entry_tees, first_ration,
          nicolae_dithmenos_through_a_glass_darkly
Temple:   nicolae_temple_figure_zero

Skill      XL: |  1  2  3  4  5  6 |
---------------+-------------------+-----
Invocations    | 1 2 |  2.0
Long Blades    | 1 |  1.8
Axes           | 1 |  1.8
Maces & Flails | 1 |  1.8
Polearms       | 1 |  1.8
Staves         | 1 |  1.8
Slings         | 1 |  1.8
Bows           | 1 |  1.8
Crossbows      | 1 |  1.8
Armour         | 1 |  1.8
Dodging        | 1 |  1.8
Shields        | 1 |  1.8
Unarmed Combat | 1 |  1.8
Spellcasting   | 1 |  1.8
Conjurations   | 1 |  1.4
Summonings     | 1 |  1.4
Necromancy     | 1 |  1.4
Translocations | 1 |  1.4
Transmutations | 1 |  1.4
Fire Magic     | 1 |  1.4
Ice Magic      | 1 |  1.4
Air Magic      | 1 |  1.4
Earth Magic    | 1 |  1.4
Poison Magic   | 1 |  1.4
Fighting       | 3 |  3.2
Short Blades   | 3 |  3.2
Throwing       | 3 |  3.2
Evocations     | 3 |  3.2
Charms         | 4 |  4.1
Stealth        | 3 |  3.0
Hexes          | |  5.6

Action                   |  1- 3 |  4- 6 || total
-------------------------+-------+-------++-------
Melee: Short sword       |   107 |   141 ||   248
       Dagger            |     5 |       ||     5
       Bite              |     9 |    18 ||    27
Throw: Dart              |       |     3 ||     3
Evoke: Phial of floods   |       |     1 ||     1
  Use: Scroll            |     3 |     5 ||     8
       Potion            |       |     1 ||     1
  Eat: Ration            |       |     1 ||     1
       Chunk             |       |     3 ||     3
Armor: Chain mail        |    55 |    82 ||   137
       Robe              |     2 |       ||     2
Dodge: Dodged            |    32 |    51 ||    83

Table legend:
 A = Non-vault XP
 B = Vault XP
 C = Vault XP percentage of total XP
 D = Non-vault monster count
 E = Vault monster count
 F = Vault count percentage of total count
                 A         B        C        D         E       F
            +---------+---------+-------+---------+---------+-------
      Total |     378 |      37 |   8.9 |      59 |       1 |   1.7
            +---------+---------+-------+---------+---------+-------
        D:1 |      35 |       0 |   0.0 |      21 |       0 |   0.0
        D:2 |     102 |       0 |   0.0 |      23 |       0 |   0.0
        D:3 |      17 |      37 |  68.5 |       7 |       1 |  12.5
        D:4 |     224 |       0 |   0.0 |       8 |       0 |   0.0
            +---------+---------+-------+---------+---------+-------
